 Dungeon Crawl Stone Soup version bcrawl-1.34.1 (webtiles) character file.

Game seed: 13237077742416729602

191607 Metae the Skirmisher (level 4, -4/41 HPs)
             Began as a Minotaur Fighter on Sept 6, 2021.
             Slain by a gnoll
             ... wielding a +0 whip
              (5 damage)
             ... on level 2 of the Dungeon.
             The game lasted 00:04:18 (1159 turns).

Metae the Skirmisher (Minotaur Fighter)             Turns: 1159, Time: 00:04:19

Health: -4/41      AC:  7    Str: 26    XL:     4   Next: 55%
Magic:  3/3        EV:  6    Int:  5    God:
Gold:   55         SH: 10    Dex: 12    Spells: 3/3 levels left

rFire    . . .     SeeInvis .   a - +0 flail
rCold    . . .     Gourm    .   c - +0 medium shield
rNeg     . . .     Faith    .   b - +0 scale mail
rPois    .         Spirit   .   (helmet restricted)
rElec    .         Reflect  .   (no cloak)
rCorr    .         Harm     .   (no gloves)
MR       .....                  (no boots)
Stlth    ..........             m - amulet of magic regeneration
HPRegen  0.13/turn              g - +2 ring of dexterity
MPRegen  0.33/turn              (no ring)

@: mighty
A: retaliatory headbutt, horns 2
a: no special abilities


You were on level 2 of the Dungeon.
You were hungry.

You visited 1 branch of the dungeon, and saw 2 of its levels.

You collected 55 gold pieces.

Inventory:

Hand Weapons
 a - a +0 flail (weapon)
Armour
 b - a +0 scale mail (worn)
 c - a +0 medium shield (worn)
Jewellery
 g - a +2 ring of dexterity (left hand)
 m - an amulet of magic regeneration (around neck)
Scrolls
 f - a scroll of enchant weapon {unknown}
 h - a scroll of magic mapping {unknown}
 i - a scroll of identify
 l - 2 scrolls of amnesia {unknown}
 p - a scroll of immolation {unknown}
Potions
 j - a potion of curing {unknown}
 k - a potion of resistance {unknown}
 n - a potion of heal wounds {unknown}
Comestibles
 e - 4 rations {!d}
 o - 2 chunks of flesh


   Skills:
 * Level 4.7 Fighting
 + Level 3.2 Maces & Flails
 * Level 4.7 Armour
 + Level 4.2 Shields


You had 3 spell levels left.
You didn't know any spells.
Your spell library was empty.

Dungeon Overview and Level Annotations

Branches:
Dungeon (2/12)

Altars:


Innate Abilities, Weirdness & Mutations

You reflexively headbutt those who attack you in melee.
You have a pair of horns on your head.


Message History

You barely miss the gnoll. You headbutt the gnoll.
The gnoll is heavily wounded.
The gnoll hits you but does no damage. You block the gnoll's attack.
You feel very mighty all of a sudden. The gnoll closely misses you.
The gnoll hits you with a +0 whip.
* * * LOW HITPOINT WARNING * * *
There are no items here.
There are no items here.
You closely miss the gnoll.
The gnoll is heavily wounded.
The gnoll barely misses you. The gnoll hits you but does no damage.
You barely miss the gnoll. Your headbutt misses the gnoll.
The gnoll is heavily wounded.
You block the gnoll's attack.
The gnoll hits you from afar with a +0 halberd.
* * * LOW HITPOINT WARNING * * *
Your shield prevents you from hitting the gnoll.
The gnoll is heavily wounded.
The gnoll hits you with a +0 whip.
You die...

.# .....##...[÷..# #.######...##.
.# ........<.÷...# #..# ###.##.
.++......#.......# ##.#######....
.........#.......# #.##......#..
.........#.......# #..#.#.#..<..
........##.......# ##.#.........
...#######.......# #...###.#)÷..
.................# #.......#....
................@####.#..#.##.#..
...........######g....#..#..#.#÷.
......(....# #g....#..#..#.#..
...........# #..÷........#.#.#
...........# #........####.#..
...........# ########..# #....
...........# ####..†..###.##.
###........# ..........##....
#........# ........#.##..##


You could see 2 gnolls.

Vanquished Creatures
  A centaur skeleton (D:2)
  2 gnolls (D:2)
  A worm (D:2)
  2 dart slugs
  3 leopard geckos
  An orc (D:2)
  6 giant cockroaches
  3 goblins
  6 hobgoblins
  4 jackals (D:2)
  4 kobolds
  2 ball pythons (D:2)
  2 bats (D:2)
  2 frilled lizards
  7 rats
46 creatures vanquished.

Notes
Turn   | Place    | Note
-------+----------+-------------------------------------------
     0 | D:1      | Metae the Minotaur Fighter began the quest for the Orb.
     0 | D:1      | Reached XP level 1. HP: 19/19 MP: 0/0
   153 | D:1      | Reached XP level 2. HP: 27/27 MP: 1/1
   798 | D:2      | Reached XP level 3. HP: 31/33 MP: 2/2
   930 | D:2      | Reached XP level 4. HP: 37/41 MP: 3/3
  1158 | D:2      | HP: 1/41 [gnoll/+0 halberd (4)]
  1159 | D:2      | Slain by a gnoll

Skill      XL: |  1  2  3 |
---------------+----------+-----
Armour         | 4 |  4.7
Fighting       | 4 |  4.7
Shields        | 4 |  4.2
Maces & Flails | 3 |  3.2

Action                   |  1- 3 |  4- 6 || total
-------------------------+-------+-------++-------
Melee: Flail             |    66 |    44 ||   110
       Headbutt          |    13 |     7 ||    20
  Use: Potion            |       |     1 ||     1
  Eat: Chunk             |     2 |     2 ||     4
Armor: Scale mail        |    28 |    28 ||    56
Dodge: Dodged            |    10 |    12 ||    22
Block: Medium shield     |    28 |    23 ||    51
